 Dungeon Crawl Stone Soup version 0.25.1-2-g60ff931df9 (webtiles) character file.

Game seed: 17786192845150580273

1749 Delamore the Basher (level 9, -2/54 HPs)
             Began as a Gargoyle Fighter on Oct 14, 2020.
             Was a Follower of Okawaru.
             Slain by an orc knight
             ... wielding a +0 war axe
              (5 damage)
             ... in a bailey.
             The game lasted 00:08:05 (6891 turns).

Delamore the Basher (Gargoyle Fighter)              Turns: 6891, Time: 00:08:05

Health: -2/54      AC: 18    Str: 22    XL:     9   Next: 6%
Magic:  8/9        EV:  5    Int: 10    God:    Okawaru [*.....]
Gold:   188        SH: 10    Dex:  9    Spells: 8/8 levels left

rFire    . . .     SeeInvis .   a - +0 flail
rCold    . . .     Gourm    .   c - +0 kite shield
rNeg     + . .     Faith    .   i - +0 chain mail
rPois    ∞         Spirit   .   (no helmet)
rElec    +         Reflect  .   B - +0 cloak
rCorr    .         Harm     .   (no gloves)
MR       .....                  w - +1 pair of boots
Stlth    ..........             (no amulet)
HPRegen  0.18/turn              (no ring)
MPRegen  0.11/turn              (no ring)

@: no status effects
A: negative energy resistance 1, electricity resistance, unbreathing,
petrification resistance, rot immunity, AC +6
a: Heroism, Renounce Religion


You were in a bailey.
You worshipped Okawaru.
Okawaru was aware of your devotion.
You were not hungry.

You visited 2 branches of the dungeon, and saw 9 of its levels.
You also visited: Sewer and Bailey.

You collected 188 gold pieces.

Inventory:

Hand Weapons
 a - a +0 flail (weapon)
Armour
 b - a +0 scale mail
 c - a +0 kite shield (worn)
 i - a +0 chain mail (worn)
 w - a +1 pair of boots (worn)
 B - a +0 cloak (worn)
Wands
 d - a wand of flame (63)
 g - a wand of enslavement (9)
 t - a wand of random effects (19)
Scrolls
 h - 3 scrolls of teleportation
 n - 4 scrolls of fear {unknown}
 p - a scroll of random uselessness
 q - a scroll of remove curse
 v - 2 scrolls of enchant weapon {unknown}
 y - a scroll of blinking {unknown}
 z - a scroll of amnesia
 A - 2 scrolls of fog
 C - a scroll of immolation {unknown}
Potions
 e - a potion of brilliance {unknown}
 j - 3 potions of degeneration {unknown}
 k - 3 potions of heal wounds
 l - 5 potions of flight
 m - 4 potions of curing
 o - 3 potions of might
 r - a potion of stabbing {unknown}
 s - a potion of resistance {unknown}
 x - a potion of magic {unknown}
Comestibles
 f - 11 rations
 u - 5 chunks of flesh


   Skills:
 - Level 5.0 Fighting
 + Level 10.3 Maces & Flails
 - Level 3.2 Armour
 - Level 5.0 Shields


You had 8 spell levels left.
You didn't know any spells.
Your spell library was empty.

Dungeon Overview and Level Annotations

Branches:
Dungeon (8/15)             Temple (1/1) D:5           Sewer (visited)
 Bailey (1/1)
   Lair: D:8-11

Altars:
Ashenzari
Cheibriados
Dithmenos
Elyvilon
Gozag
Hepliaklqana
Makhleb
Nemelex Xobeh
Okawaru
Qazlal
Ru
Trog
Wu Jian
Yredelemnul
The Shining One

Shops:
D:4 :   D:7 [(!(


Innate Abilities, Weirdness & Mutations

You are resistant to torment.
Your stone body is resilient. (AC +6)
You are immune to poison.
You resist negative energy. (rN+)
You are resistant to electric shocks. (rElec)
You can survive without breathing.
You are immune to petrification.
You are immune to rotting.


Message History

* * * LOW HITPOINT WARNING * * *
The gnoll barely misses you.
You feel much better.
The orc knight hits you with a +0 war axe!
* * * LOW HITPOINT WARNING * * *
You hit the orc knight.
The orc knight is heavily wounded.
The gnoll barely misses you.
You sock the orc knight!
The orc knight is severely wounded.
You block the orc knight's attack. The gnoll hits you but does no damage.
You barely miss the orc knight.
The orc knight is severely wounded.
The orc knight hits you with a +0 war axe!
* * * LOW HITPOINT WARNING * * *
The gnoll hits you but does no damage.
You sock the orc knight!
The orc knight is almost dead.
The orc knight hits you with a +0 war axe.
You die...

### ### ##### ### ###
#∩###.###g)(###.###.#
##'##'##'###(##'##'##
##(...g## ##((...##
###(...o#####)(...###
#.'..∩..@.#.'..⌠..'.#
###.....#####...g.###
##.....## #.....##
##'##'##'###'##'##'##
#.###.###)#.# #.###)#
### ### #### ### #'#
#g#.# #. ##g# #K#
#'##'##o## g#
#...g.##


You could see an orc knight and a gnoll.

Vanquished Creatures
  Sigmund (D:3)
  A water moccasin (D:6)
  A black bear (D:4)
  3 ogres (D:5)
  A centaur (D:5)
  A big kobold (Sewer)
  2 bullfrogs (D:6)
  A water moccasin zombie (D:6)
  A scorpion (D:6)
  3 orc priests
  A hound (D:6)
  4 orc wizards
  Natasha (twice) (D:3)
  3 worker ants
  A hound zombie (D:5)
  2 hound skeletons
  A howler monkey skeleton (D:5)
  12 gnolls
  9 adders
  3 oozes
  An adder skeleton (D:4)
  3 worms
  2 dart slugs
  8 leopard geckos
  22 orcs
  A ball python (D:4)
  4 giant cockroaches
  6 goblins
  16 hobgoblins
  A jackal (Sewer)
  2 quokkas
  10 bats
  3 frilled lizards (D:2)
  21 kobolds
  9 rats
162 creatures vanquished.

Notes
Turn   | Place    | Note
-------+----------+-------------------------------------------
     0 | D:1      | Delamore the Gargoyle Fighter began the quest for the Orb.
     0 | D:1      | Reached XP level 1. HP: 14/14 MP: 1/1
   187 | D:1      | You fall into a shaft and drop 1 floor!
   187 | D:2      | Found a bloodstained altar of Trog.
   207 | D:2      | Reached XP level 2. HP: 17/19 MP: 2/2
   440 | D:1      | Reached XP level 3. HP: 21/24 MP: 3/3
  1066 | D:2      | Reached XP level 4. HP: 26/29 MP: 4/4
  1113 | D:2      | Reached skill level 3 in Maces & Flails
  1537 | D:2      | Found a faded altar of an unknown god.
  1627 | D:3      | Found a glowing drain.
  1667 | Sewer    | Entered a sewer
  1979 | Sewer    | Noticed a big kobold
  2013 | Sewer    | Killed a big kobold
  2013 | Sewer    | Reached XP level 5. HP: 27/34 MP: 5/5
  2115 | Sewer    | Found a white marble altar of Elyvilon.
  2207 | D:3      | Reached XP level 6. HP: 18/40 MP: 6/6
  2545 | D:3      | Reached skill level 5 in Fighting
  2553 | D:3      | Reached skill level 4 in Maces & Flails
  2553 | D:3      | Reached skill level 5 in Shields
  2578 | D:4      | Found Qaddymur's Book Shop.
  2578 | D:4      | Noticed a black bear
  3127 | D:3      | Noticed Sigmund
  3141 | D:3      | Killed Sigmund
  3141 | D:3      | Reached skill level 5 in Maces & Flails
  3141 | D:3      | Reached XP level 7. HP: 20/44 MP: 7/7
  3403 | D:3      | Noticed Natasha
  3407 | D:3      | Killed Natasha
  3573 | D:3      | Found a sacrificial altar of Ru.
  3699 | D:3      | Noticed Natasha
  3705 | D:3      | Killed Natasha
  3817 | D:4      | Reached skill level 6 in Maces & Flails
  4085 | D:4      | Found a glowing golden altar of the Shining One.
  4675 | D:5      | Entered Level 5 of the Dungeon
  4846 | D:5      | Found a white marble altar of Elyvilon.
  4882 | D:5      | Reached skill level 7 in Maces & Flails
  5001 | D:5      | Found a staircase to the Ecumenical Temple.
  5010 | Temple   | Entered the Ecumenical Temple
  5098 | Temple   | Became a worshipper of Warmaster Okawaru
  5241 | D:5      | Reached XP level 8. HP: 39/49 MP: 8/8
  5603 | D:5      | Reached skill level 8 in Maces & Flails
  5910 | D:5      | You fall into a shaft and drop 3 floors!
  6102 | D:8      | Reached * piety under Okawaru
  6149 | D:7      | Found Hionkuat's Distillery.
  6164 | D:7      | Found Ontikay's Antique Armour Shop.
  6170 | D:7      | Found Miuly's Antique Weapon Shop.
  6181 | D:7      | Found Felomot's Antique Weapon Boutique.
  6190 | D:6      | Reached skill level 9 in Maces & Flails
  6199 | D:6      | HP: 2/49 [scorpion (2)]
  6278 | D:6      | Found a stormy altar of Qazlal.
  6290 | D:6      | Reached skill level 10 in Maces & Flails
  6335 | D:6      | Reached XP level 9. HP: 6/54 MP: 9/9
  6369 | D:6      | Found a hazy altar of Hepliaklqana.
  6476 | D:7      | Found a flagged portal.
  6485 | Bailey   | Entered a bailey
  6818 | Bailey   | Noticed an orc knight
  6891 | Bailey   | Slain by an orc knight

Illustrated notes

Levels and vault maps discovered:
D:1:      kilobyte_arrival_exit_the_forest, layout_basic
D:2:      layout_basic, bloody_trog, chequers_ecumenical_altar_lobes
D:3:      layout_loops_ring, lemuel_coloured_pillars_altar,
          cheibrodos_sewer_entry_sluice, uniq_natasha, uniq_sigmund
D:4:      layout_basic, nicolae_tso_carved_into_rock, serial_shops,
          nicolae_shop_crystal
D:5:      layout_gridville, old_standard_altar, minmay_temple_entry_arrows,
          first_ration
D:6:      layout_rooms, lemuel_crystal_altar, grunt_qazlal_clouds
D:7:      layout_cave_pools, grunt_temple_overflow_magic_moments,
          fedhas_altar_fruit_tree, enter_bailey_6, serial_shops, shop, shop,
          shop_statue, shop_statue, nicolae_shop_temple_entry_statues_fountains
D:8:      layout_loops_ring, overflow_temple_1_default, uniq_pikel
Temple:   dpeg_three_leaves_temple
Bailey:   bailey_axe_2, bailey

Skill      XL: |  1  2  3  4  5  6  7  8 |
---------------+-------------------------+-----
Fighting       | 4 5 |  5.0
Shields        | 4 5 |  5.0
Maces & Flails | 3 5 7 10 | 10.3
Armour         | |  3.2

Action                   |  1- 3 |  4- 6 |  7- 9 || total
-------------------------+-------+-------+-------++-------
Melee: Flail             |   110 |   248 |   418 ||   776
Invok: Heroism           |       |       |     1 ||     1
Evoke: Wand              |       |       |     6 ||     6
  Use: Scroll            |       |     3 |     5 ||     8
       Potion            |       |     4 |     2 ||     6
  Eat: Chunk             |     1 |     7 |    13 ||    21
Armor: Scale mail        |    58 |   201 |       ||   259
       Chain mail        |       |    36 |   297 ||   333
Dodge: Dodged            |    26 |   113 |   106 ||   245
Block: Kite shield       |    46 |   235 |   240 ||   521
